 Dungeon Crawl Stone Soup version 0.27-a0-1065-ge809cff456 (webtiles) character file.

Game seed: 12467907303315093480

148 tardwrangler69 the Firebug (level 5, -2/31 HPs)
             Began as an Octopode Fire Elementalist on Apr 22, 2021.
             Killed from afar by Sigmund (7 damage)
             ... with a magic dart
             ... on level 3 of the Dungeon.
             The game lasted 00:02:21 (3017 turns).

tardwrangler69 the Firebug (OpFE)                   Turns: 3017, Time: 00:02:21

Health: -2/31      AC:  1    Str:  7    XL:     5   Next: 30%
Magic:  9/9        EV: 13    Int: 19    God:
Gold:   84         SH:  0    Dex: 12    Spells: 9/10 levels left

rFire    . . .     SeeInvis .   a - +0 dagger
rCold    + . .     Faith    .   (no shield)
rNeg     . . .     Spirit   .   (helmet restricted)
rPois    .         Reflect  .   (no amulet)
rElec    .         Harm     .   d - ring of flight
rCorr    .         Rampage  .   e - ring of protection from cold
Will     .....                  (no ring)
Stlth    ++........             (no ring)
HPRegen  0.10/turn              (no ring)
MPRegen  0.11/turn              (no ring)
                                (no ring)
                                (no ring)

@: confused, flying
A: almost no armour, amphibious, 8 rings, camouflage 1, gelatinous body 1,
(nimble swimmer 1), tentacles
a: no special abilities


You were on level 3 of the Dungeon.
You visited 1 branch of the dungeon, and saw 3 of its levels.

You collected 84 gold pieces.

Inventory:

Hand Weapons
 a - a +0 dagger (weapon)
Jewellery
 d - a ring of flight (left tentacle)
 e - a ring of protection from cold (right tentacle)
 f - a ring of willpower
Scrolls
 c - 2 scrolls of identify {unknown}
 h - a scroll of enchant weapon {unknown}
 j - a scroll of teleportation {unknown}
Potions
 b - 2 potions of brilliance {unknown}
 g - a potion of curing {unknown}
 i - a potion of heal wounds {unknown}


   Skills:
 - Level 2.0 Dodging
 - Level 2.6 Stealth
 + Level 3.2 Spellcasting
 - Level 1.0 Conjurations
 * Level 5.0 Fire Magic


You had 9 spell levels left.
You knew the following spells:

 Your Spells              Type           Power      Damage    Failure   Level
a - Foxfire               Conj/Fire      56%        2x1d6     4%          1

Your spell library contained the following spells:

 Spells                   Type           Power      Damage    Failure   Level
 Magic Dart               Conj           24%        1d4       10%         1
 Conjure Flame            Conj/Fire      14%        6-21      13%         3
 Inner Flame              Hex/Fire       12%        N/A       16%         3
 Blink                    Tloc           N/A        N/A       22%         2
 Call Imp                 Summ           3%         N/A       22%         2
 Slow                     Hex            3%         N/A       22%         2
 Mephitic Cloud           Conj/Pois/Air  4%         N/A       36%         3
 Sticky Flame             Conj/Fire      14%        2d4       38%         4
 Fireball                 Conj/Fire      7%         3d5       75%         5


Dungeon Overview and Level Annotations

Branches:
Dungeon (3/15)

Altars:

Annotations:
D:3 Sigmund


Innate Abilities, Weirdness & Mutations

You cannot wear most types of armour.
You are amphibious.
You can wear up to eight rings at the same time.
Your skin changes colour to match your surroundings (Stealth+).
Your rubbery body absorbs attacks. (AC +1, EV +1)
((You are camouflaged near water. (Stealth+)))
You have tentacles for arms and can constrict up to eight enemies at once.


Message History

A bat is nearby!
Sigmund the Dreaded comes into view.
He is wielding a +0 scythe.
The helpless Sigmund fails to defend himself.
You hit Sigmund. Your grab misses Sigmund. You squeeze Sigmund!
Sigmund is heavily wounded.
Sigmund's eyes start glowing with a red light.
Sigmund barely misses you.
You closely miss Sigmund. You grab Sigmund.
Sigmund is heavily wounded.
You constrict Sigmund, but do no damage.
The bat misses you.
Sigmund says, "Now you see me, now you don't..."
Sigmund closely misses you.
You hit Sigmund but do no damage.
Sigmund is heavily wounded.
You constrict Sigmund. The bat closely misses you.
Sigmund gestures at you while chanting.
You are confused.
You are too confused!
You are too confused!
You're too confused to cast spells.
You're too confused to cast spells.
You release your grip on Sigmund.
The bat closely misses you.
Sigmund points at himself and mumbles some strange words.
Sigmund flickers and vanishes!
Deactivating autopickup; reactivate with Ctrl-A.
You bump into the rock wall.
The bat barely misses you. Something hits you!
The bat hits you but does no damage. Something hits you!
* * * LOW HITPOINT WARNING * * *
You're too confused to move!
The bat hits you.
* * * LOW HITPOINT WARNING * * *
The bat hits you.
* * * LOW HITPOINT WARNING * * *
Something hits you.
* * * LOW HITPOINT WARNING * * *
The bat hits you but does no damage.
You hear some strange, mumbled words.
A magic dart appears from out of thin air!
The magic dart hits you!
You die...

#.......#
#.......#
####.####
#.......# #.#
#.......# ###.#
#.......
##...## ......
#.....# ?.b#
#.....#
####.####....[#
#...@...##...##
#.##{##.###.##
#.##.##)# #†#
........# #.#
#..#.#..###.#
..#........#
#.......#####
#..###.## #.
...


You could see a bat.

Vanquished Creatures
  An iguana (D:2)
  4 gnolls (D:2)
  2 adders
  2 dart slugs
  An orc (D:2)
  8 ball pythons
  3 bats
  3 endoplasms (D:2)
  A giant cockroach (D:1)
  8 goblins
  6 hobgoblins
  7 jackals (D:2)
  2 quokkas (D:1)
  6 frilled lizards
  2 kobolds
  3 rats
59 creatures vanquished.

Vanquished Creatures (collateral kills)
  4 foxfires
4 creatures vanquished.

Vanquished Creatures (others)
  238 foxfires
  12 plants
250 creatures vanquished.

Grand Total: 313 creatures vanquished

Notes
Turn   | Place    | Note
-------+----------+-------------------------------------------
     0 | D:1      | tardwrangler69 the Octopode Fire Elementalist began the
                  | quest for the Orb.
     0 | D:1      | Reached XP level 1. HP: 11/11 MP: 3/3
   170 | D:1      | Reached XP level 2. HP: 17/17 MP: 0/5
   467 | D:1      | Found a faded altar of an unknown god.
   717 | D:1      | Reached XP level 3. HP: 21/21 MP: 1/6
  1098 | D:2      | Reached skill level 4 in Fire Magic
  1560 | D:1      | Reached XP level 4. HP: 17/27 MP: 1/8
  2453 | D:2      | Reached XP level 5. HP: 21/31 MP: 1/9
  2455 | D:2      | Reached skill level 5 in Fire Magic
  3008 | D:3      | Noticed Sigmund
  3017 | D:3      | Killed from afar by Sigmund

Illustrated notes

Levels and vault maps discovered:
D:1:      minmay_arrival_stone_box, layout_rooms, basic_ecumenical_altar,
          chequers_big_river
D:2:      wad_lake_hut, layout_rooms
D:3:      layout_loops_cross, serial_shops, shop, shop, shop, shop,
          uniq_jessica, uniq_sigmund

Skill      XL: |  1  2  3  4  5 |
---------------+----------------+-----
Fire Magic     | 4 5 |  5.0
Spellcasting   | 3 |  3.2
Dodging        | |  2.0
Stealth        | |  2.6
Conjurations   | |  1.0

Action                   |  1- 3 |  4- 6 || total
-------------------------+-------+-------++-------
Melee: Tentacles         |     1 |     4 ||     5
       Unarmed           |     1 |       ||     1
       Dagger            |     7 |    10 ||    17
       Constrict         |       |     2 ||     2
 Cast: Foxfire           |    93 |    42 ||   135
 Stab: Sleeping          |     2 |     1 ||     3
Armor: Skin              |       |     4 ||     4
Dodge: Dodged            |     8 |    27 ||    35

Table legend: (Time is in decaauts)
 A = Elapsed time spent in this place.
 B = Non-inter-level travel time spent in this place.
 C = Inter-level travel time spent in this place.
 D = Time resting spent in this place.
 E = Time spent auto-exploring this place.
 F = Levels seen in this place.
 G = Mean time per level.
                   A        B        C        D        E       F      G
               +--------+--------+--------+--------+--------+-----+--------+
         Total |   3017 |   2992 |     25 |    118 |   2532 |   3 | 1005.7 |
       Dungeon |   3017 |   2992 |     25 |    118 |   2532 |   3 | 1005.7 |
               +--------+--------+--------+--------+--------+-----+--------+

Top non-repeatable levels by time:
     D:1: 1570 daAuts
     D:2: 1352 daAuts
     D:3: 95 daAuts
